Map: Dusk Towers

Players

Morefatcake - Winner!

  • Race: Zerg Zerg
  • Spawn Location: 7:00

Fropez

  • Race: Protoss Protoss
  • League: Silver
  • Spawn Location: 1:00

VOD

Have the link to the VOD?

Description

Time

  • Played on: May 17, 2016, 3:27 p.m.
  • Length: 12:27
Show
View Real Time Build Order
Export as new Build Order

Morefatcake Zerg - Winner!

Build Orders: Pool First 

Get SALT Encoding   

  12  0:01  Drone  
  13  0:07  Drone  
  14  0:17  Overlord  
  14  0:35  Drone x2  
  16  0:43  Spawning Pool  
  16  0:46  Drone  
  16  1:12  Hatchery  
  15  1:20  Drone  
  15  1:24  Drone  
  17  1:27  Extractor  
  16  1:34  Zergling x2  
  16  1:35  Zergling x2  
  16  1:39  Queen  
  20  1:49  Drone  
  20  1:53  Drone  
  22  2:13  Overlord  
  22  2:27  Drone x3  
  22  2:28  Queen  
  27  2:30  Metabolic Boost  
  27  2:44  Drone x2  
  28  2:45  Extractor  
  28  2:49  Drone x2  
  30  2:52  Drone  
  31  3:07  Drone x3  
  31  3:08  Overlord  
  34  3:17  Baneling Nest  
  34  3:18  Drone  
  34  3:22  Zergling x4  
  36  3:31  Zergling x2  
  36  3:32  Zergling x4  
  36  3:33  Zergling x2  
  40  3:41  Drone x2  
  40  3:42  Drone  
  43  3:50  Drone  
  43  3:59  Zergling x2  
  43  4:01  Overlord  
  43  4:02  Overlord  
  44  4:12  Baneling  
  44  4:13  Baneling x3  
  44  4:14  Baneling  
  44  4:21  Drone x2  
  44  4:22  Drone x2  
  44  4:23  Overlord  
  48  4:25  Zergling x2  
  49  4:34  Zergling x4  
  49  4:36  Zergling x4  
  49  4:37  Zergling x2  
  54  4:48  Drone x2  
  54  4:50  Overlord  
  56  5:06  Zergling x14  
  63  5:13  Hatchery  
  50  5:28  Zergling x2  
  50  5:29  Zergling x8  
  54  5:35  Extractor  
  53  5:44  Evolution Chamber  
  45  6:09  Zergling x4  
  45  6:10  Zergling x22  
  58  6:25  Baneling x5  
  58  6:26  Baneling x2  
  58  6:29  Queen, Spore Crawler  
  58  6:30  Drone x2  
  58  6:31  Drone  
  62  6:40  Drone x2  
  62  6:42  Drone x3  
  67  6:47  Baneling x4  
  67  6:48  Zergling x10  
  72  7:08  Zerg Ground Armor Level 1  
  72  7:10  Evolution Chamber  
  72  7:12  Lair  
  71  7:16  Roach Warren, Drone x4  
  74  7:28  Queen  
  74  7:29  Drone x2  
  79  7:30  Overlord, Drone  
  79  7:31  Overlord x2  
  79  7:37  Spore Crawler  
  78  7:47  Zergling x2  
  78  7:48  Zergling x6  
  67  8:15  Roach  
  67  8:16  Roach x15  
  94  8:41  Hydralisk Den  
  88  8:56  Centrifical Hooks, Zerg Melee Weapons Level 1  
  87  9:16  Lurker Den  
  87  9:17  Overlord  
  87  9:20  Extractor, Drone x3  
  87  9:21  Drone x3  
  92  9:25  Glial Reconstitution  
  92  9:29  Drone x3  
  95  9:33  Zergling x10  
  95  9:34  Zergling x8  
  104  9:51  Zerg Missile Weapons Level 1  
  104  9:52  Hydralisk  
  104  9:53  Hydralisk x4  
  104  9:55  Overlord x4, Hatchery  
  113  10:05  Ravager  
  114  10:07  Overlord x3  
  114  10:14  Hydralisk  
  114  10:15  Hydralisk x7  
  114  10:18  Ravager  
  114  10:19  Ravager x5  
  114  10:20  Ravager  
  137  10:23  Zergling x2  
  137  10:24  Zergling x12  
  144  10:49  Lurker x3  
  147  11:01  Extractor  
  147  11:03  Extractor  
  144  11:41  Queen  
  144  11:42  Drone x4  
  139  12:01  Zergling x2  
  139  12:02  Zergling x38  
  139  12:03  Zergling x10  
Show
View Real Time Build Order
Export as new Build Order

Fropez Protoss 

Build Orders:  

Get SALT Encoding   

  12  0:01  Probe (Chrono Boost)  
  13  0:16  Pylon  
  13  0:19  Probe (Chrono Boost)  
  14  0:29  Probe (Chrono Boost)  
  15  0:38  Gateway  
  15  0:40  Probe (Chrono Boost)  
  16  0:48  Assimilator  
  16  0:50  Probe (Chrono Boost)  
  17  1:01  Probe (Chrono Boost)  
  18  1:05  Gateway  
  18  1:12  Assimilator  
  18  1:27  Cybernetics Core  
  18  1:31  Probe (Chrono Boost)  
  19  1:42  Probe (Chrono Boost)  
  20  1:55  Probe (Chrono Boost)  
  20  2:03  Adept  
  22  2:11  Warp Gate (Chrono Boost)  
  22  2:16  Pylon  
  22  2:26  Pylon  
  22  2:29  Probe  
  23  2:34  Adept  
  25  2:41  Mothership Core  
  25  2:43  Adept  
  29  3:02  Probe  
  30  3:18  Pylon  
  30  3:19  Adept x2  
  34  3:20  Probe  
  35  3:28  Gateway  
  35  3:31  Pylon  
  35  3:33  Probe  
  30  4:16  Twilight Council  
  30  4:26  Forge  
  30  4:29  Robotics Facility  
  30  4:33  Adept x2  
  34  4:43  Probe  
  35  4:51  Adept  
  37  4:53  Nexus  
  37  4:57  Adept  
  39  5:03  Adept  
  41  5:07  Probe  
  42  5:21  Adept x2  
  39  6:01  Immortal  
  37  6:04  Protoss Ground Weapons Level 1 (Chrono Boost)  
  37  6:06  Probe  
  37  6:07  Probe  
  39  6:19  Assimilator  
  39  6:20  Probe x2  
  39  6:23  Pylon, Assimilator  
  41  6:27  Pylon, Sentry x2  
  41  6:28  Sentry  
  47  6:41  Immortal  
  51  6:53  Probe  
  51  6:54  Probe  
  53  7:04  Probe  
  53  7:06  Probe  
  55  7:09  Resonating Glaives  
  55  7:14  Probe  
  56  7:25  Immortal  
  56  7:28  Probe x2  
  62  7:43  Gateway  
  62  7:44  Gateway  
  45  8:14  Zealot x3  
  48  8:23  Probe  
  48  8:24  Probe  
  48  8:34  Probe  
  45  8:37  Probe (Chrono Boost)  
  43  8:45  Probe (Chrono Boost)  
  44  8:49  Probe (Chrono Boost)  
  45  8:56  Probe (Chrono Boost)  
  45  8:59  Probe (Chrono Boost)  
  47  9:07  Probe (Chrono Boost)  
  49  9:10  Probe (Chrono Boost)  
  49  9:18  Probe (Chrono Boost)  
  49  9:20  Probe (Chrono Boost)  
  51  9:28  Probe (Chrono Boost)  
  51  9:31  Probe (Chrono Boost)  
  53  9:43  Probe x2 (Chrono Boost)  
  55  9:49  Immortal  
  59  9:53  Probe (Chrono Boost)  
  59  9:55  Probe (Chrono Boost)  
  61  10:04  Gateway  
  61  10:11  Pylon  
  61  10:14  Probe (Chrono Boost)  
  61  10:16  Probe (Chrono Boost)  
  63  10:25  Probe x2 (Chrono Boost)  
  65  10:43  Probe  
  65  10:44  Probe  
  67  10:54  Probe  
  67  10:55  Templar Archives  
  68  10:58  Probe  
  69  11:05  Probe  
  69  11:06  Immortal  
  69  11:10  Adept x2  
  78  11:47  Observer  
Tags
 
League
Silver
Matchup
PvZ
Opening
Pool First
Replay Pack
All Mines
Spawn Locations
Cross Positions
Add a new tag
Caveats
  • Supply blocks, unpowered buildings, or Contaminate may cause inaccurate times.
  • Supply counts are checked every 10 seconds.